 Dungeon Crawl Stone Soup version 0.30-a0-377-g5cb311bc9f (webtiles) character file.

Game seed: 17418791181453689739

13 qeuew the Shield-Bearer (level 2, 24/24 HPs)
             Began as a Formicid Fighter on Nov 28, 2022.
             Was a Follower of Trog.
             Quit the game on level 1 of the Dungeon.
             The game lasted 00:00:26 (341 turns).

qeuew the Shield-Bearer (Formicid Fighter)           Turns: 341, Time: 00:00:26

Health: 24/24      AC:  6    Str: 20    XL:     2   Next: 50%
Magic:  2/2        EV:  9    Int:  7    God:    Trog [*.....]
Gold:   27         SH:  5    Dex: 13    Spells: 1/1 levels left

rFire   . . .      SeeInvis +    a - +0 war axe
rCold   . . .      Faith    .    c - +0 buckler
rNeg    . . .      Spirit   .    b - +0 scale mail
rPois   .          Reflect  .    (helmet unavailable)
rElec   .          Harm     .    (no cloak)
rCorr   .          Rampage  .    (no gloves)
Will    .....                    (no boots)
Stlth   ..........               (no amulet)
HPRegen 0.24/turn                (no ring)
MPRegen 0.08/turn                (no ring)

@: no status effects
A: permanent stasis, dig shafts and tunnels, antennae 3, four strong arms
a: Dig, Shaft Self, Renounce Religion


You were on level 1 of the Dungeon.
You worshipped Trog.
Trog was aware of your devotion.
You visited 1 branch of the dungeon, and saw 1 of its levels.

You collected 27 gold pieces.

Inventory:

Hand Weapons
 a - a +0 war axe (weapon)
Armour
 b - a +0 scale mail (worn)
 c - a +0 buckler (worn)
Jewellery
 g - a +6 ring of intelligence
Scrolls
 e - a scroll of butterflies {unknown}
 h - a scroll of immolation {unknown}
 i - a scroll of enchant weapon {unknown}
Potions
 d - a potion of might
 f - 3 potions of heal wounds {unknown}


   Skills:
 + Level 3.4 Fighting
 + Level 2.2 Axes
 + Level 3.4 Armour
 + Level 0.5 Dodging
 + Level 4.2 Shields


You had one spell level left.
You didn't know any spells.
Your spell library contained the following spells:

 Spells                   Type           Power      Damage    Failure   Level
 Dazzling Flash           Conj/Hex       0%         N/A       99%         3
 Agony                    Necr           0%         N/A       100%        5
 Silence                  Hex/Air        0%         N/A       100%        5


Dungeon Overview and Level Annotations

Branches:
Dungeon (1/15)

Altars:
Trog


Innate Abilities, Weirdness & Mutations

You cannot be hasted, slowed, berserked, paralysed or teleported.
You can dig through walls and to a lower floor.
You have a pair of large antennae on your head. (SInv)
Your four strong arms can wield two-handed weapons with a shield.


Message History

Found 19 gold pieces.
The kobold shouts!
The kobold barely misses you.
A kobold is nearby!
You hit the kobold.
You kill the kobold!
No target in view!
No target in view!
No target in view!
No target in view!
Things that are here:
a +0 short sword; 2 stones You now have 27 gold pieces (gained 19).
A bat comes into view.
A bat is nearby!
A bat is nearby!
You closely miss the bat. The bat closely misses you.
Found a faded altar of an unknown god.
The bat barely misses you. The bat barely misses you.
You block the bat's attack. The bat hits you but does no damage.
You hit the bat.
The bat is heavily wounded.
The bat barely misses you. The bat hits you but does no damage.
You hit the bat.
You kill the bat!
No target in view!
No target in view!
No target in view!
You sense a monster nearby.
A giant cockroach comes into view.
Found 15 gold pieces.
A giant cockroach is nearby!
Found a scroll labelled PYRGHA UGETOLA.
There is a faded altar of an unknown god here.
This altar belongs to (a) Nemelex Xobeh, (b) Trog or (c) Lugonu, but you can't tell which.
Press the corresponding letter to learn more about a god, or press enter to convert or escape to cancel.
Trog accepts your prayer! Trog welcomes you!
The giant cockroach closely misses you.
Are you sure you want to abandon this character and quit the game? (Confirm with "yes".)

.. ## ...
####.#########..
#.###P.P.#.P..###
####.P.P...#P...$P.
#.##......P#.P.....
#P.P.....P#...P.P.
#.........@B.P....
##.........#PP...P.
#.##....P..#.......
#.##PP.PP.P#.P...?P
#.#.###...P#....###
#.## #.#########.#
#.# ### ## #.# #.#


You could see a giant cockroach.

Vanquished Creatures
  2 bats (D:1)
  2 endoplasms (D:1)
  A giant cockroach (D:1)
  4 kobolds (D:1)
  A quokka (D:1)
  A frilled lizard (D:1)
11 creatures vanquished.

Notes
Turn   | Place    | Note
-------+----------+-------------------------------------------
     0 | D:1      | qeuew the Formicid Fighter began the quest for the Orb.
     0 | D:1      | Reached XP level 1. HP: 18/18 MP: 1/1
    59 | D:1      | Reached XP level 2. HP: 24/24 MP: 2/2
   315 | D:1      | Found a faded altar of an unknown god.
   340 | D:1      | Prayed at the altar of an unknown god.
   340 | D:1      | Became a worshipper of Trog the Wrathful
   340 | D:1      | Reached * piety under Trog
   341 | D:1      | Quit the game

Illustrated notes

Levels and vault maps discovered:
D:1:      psy_arrival_radial02, layout_loops_ring, shapermc_ecumenical_altar_gd,
          minmay_octomino_c4

Action                   || total
-------------------------++-------
Melee: War axe           ||    29
Armor: Scale mail        ||    18
Dodge: Dodged            ||    20
Block: Buckler           ||    10

Table legend: (Time is in decaauts)
 A = Elapsed time spent in this place.
 B = Non-inter-level travel time spent in this place.
 C = Inter-level travel time spent in this place.
 D = Time resting spent in this place.
 E = Time spent auto-exploring this place.
 F = Levels seen in this place.
 G = Mean time per level.
                   A        B        C        D        E       F      G
               +--------+--------+--------+--------+--------+-----+--------+
         Total |    354 |    354 |      0 |      0 |    269 |   1 |  354.0 |
       Dungeon |    354 |    354 |      0 |      0 |    269 |   1 |  354.0 |
               +--------+--------+--------+--------+--------+-----+--------+

Top non-repeatable levels by time:
     D:1: 354 daAuts
